cohdb
Replays
Latest Replays
All Replays
Popular Replays
Top Player Replays
Match Explorer
How It Works
Community
CoH3 Stats
Reddit
Sign in to upload your games and track your stats! →
Sign in with Steam
Match 41761804
Unlisted
Match 41761804
Overview
Messages
Build Orders
End
Construct Infanterie Kompanie
Pioneer Squad
Grenadier Squad
MG 42 Machine Gun Team
Grenadier Squad
Construct Panzergrenadier Kompanie
Panzergrenadier Squad
Selects Breakthrough Battlegroup
Selects Rapid Production
Panzergrenadier Squad
251 Medium Carrier
Selects Assault Grenadiers
Selects Breakthrough
Panzergrenadier Officer Quarters
Panzergrenadier Squad
251 Medium Carrier
Pioneer Squad
Pak 40 Anti-tank Gun Team
Axis unplayable
[82AD] Janko
HulkSMASH
⚓️Ruby⚓
0
0
Comments
sign in to comment!
No comments posted yet!